 Dungeon Crawl Stone Soup version 0.28-a0-1412-gf95308ed99 (webtiles) character file.

Game seed: 5397939346816443125

779 snetch the Ducker (level 7, -1/56 HPs)
             Began as a Gnoll Wanderer on Jan 6, 2022.
             Was a High Priest of Ignis.
             Succumbed to a scorpion's poison
             ... on level 4 of the Dungeon.
             The game lasted 00:11:26 (3611 turns).

snetch the Ducker (Gnoll Wanderer)                  Turns: 3611, Time: 00:11:27

Health: -1/56      AC: 12    Str: 14    XL:     7   Next: 85%
Magic:  11/11      EV: 11    Int:  8    God:    Ignis [*****.]
Gold:   183        SH:  4    Dex: 14    Spells: 10/11 levels left

rFire   + . .      SeeInvis .   q - +0 flail
rCold   . . .      Faith    .   f - +0 buckler
rNeg    . . .      Spirit   .   G - +0 scale mail
rPois   .          Reflect  .   w - +0 helmet
rElec   .          Harm     .   C - +0 cloak
rCorr   .          Rampage  .   z - +0 pair of gloves
Will    .....                   m - +0 pair of boots
Stlth   +.........              (no amulet)
HPRegen 0.18/turn               (no ring)
MPRegen 0.12/turn               (no ring)

@: lethally poisoned (-1 -> -9)
A: fangs 1, strong nose, distributed training
a: Renounce Religion, Fiery Armour, Foxfire Swarm, Rising Flame


You were on level 4 of the Dungeon.
You worshipped Ignis.
Ignis was extremely pleased with you.
You visited 1 branch of the dungeon, and saw 5 of its levels.

You collected 183 gold pieces.

Inventory:

Hand Weapons
 q - a +0 flail (weapon)
Missiles
 b - 3 throwing nets
 j - 54 arrows
 k - 35 bolts
 l - 115 stones (quivered)
 x - 79 sling bullets
 F - 23 poisoned darts
Armour
 f - a +0 buckler (worn)
 m - a +0 pair of boots (worn)
 u - a +0 plate armour
 w - a +0 helmet (worn)
 z - a +0 pair of gloves (worn)
 C - a +0 cloak (worn)
 E - a +0 chain mail
 G - a +0 scale mail (worn)
Magical Staves
 D - a staff of poison
Scrolls
 a - 2 scrolls of blinking {unknown}
 c - a scroll of amnesia {unknown}
 g - 2 scrolls of enchant weapon {unknown}
 i - 2 scrolls of noise {unknown}
 n - 2 scrolls of immolation {unknown}
 o - a scroll of magic mapping {unknown}
 r - a scroll of fear {unknown}
 v - a scroll of enchant armour {unknown}
 y - a scroll of fog {unknown}
 A - 2 scrolls of teleportation {unknown}
 B - 5 scrolls of identify {unknown}
Potions
 d - a potion of lignification
 e - 2 potions of curing
 h - a potion of berserk rage {unknown}
 p - a potion of resistance {unknown}
 s - a potion of might {unknown}
 t - a potion of ambrosia {unknown}


   Skills:
 + Level 5.4 Fighting
 + Level 2.7 Short Blades
 + Level 2.7 Long Blades
 + Level 2.7 Axes
 + Level 3.8 Maces & Flails
 + Level 2.7 Polearms
 + Level 2.7 Staves
 + Level 2.7 Slings
 + Level 2.7 Bows
 + Level 2.7 Crossbows
 + Level 3.8 Throwing
 + Level 5.4 Armour
 + Level 7.1 Dodging
 + Level 2.7 Stealth
 + Level 2.7 Shields
 + Level 2.7 Unarmed Combat
 + Level 2.7 Spellcasting
 + Level 2.2 Conjurations
 + Level 2.2 Hexes
 + Level 2.2 Summonings
 + Level 2.2 Necromancy
 + Level 2.2 Translocations
 + Level 2.2 Transmutations
 + Level 2.2 Fire Magic
 + Level 2.2 Ice Magic
 + Level 2.2 Air Magic
 + Level 2.2 Earth Magic
 + Level 2.2 Poison Magic
 + Level 3.0 Invocations
 + Level 3.8 Evocations


You had 10 spell levels left.
You knew the following spells:

 Your Spells              Type           Power      Damage    Failure   Level
a - Pain                  Necr           16%        1d4       54%         1

Your spell library contained the following spells:

 Spells                   Type           Power      Damage    Failure   Level
 Agony                    Necr           4%         N/A       100%        5
 Excruciating Wounds      Necr           2%         N/A       100%        5


Dungeon Overview and Level Annotations

Branches:
Dungeon (5/15)             Temple (0/1) D:5

Altars:
Ignis

Shops:
D:4 (   D:5 =


Innate Abilities, Weirdness & Mutations

You have very sharp teeth.
Your uncanny sense of smell can sniff out nearby items.
Your experience applies equally to all skills.


Message History

Found a ring mail.
Found a stone staircase leading up.
The scorpion stings you. The scorpion stings you.
* * * LOW HITPOINT WARNING * * *
You are poisoned.
The scorpion poisons you!
* * * LOW HITPOINT WARNING * * *
You feel very sick.
You see here 11 gold pieces.
It was a potion of curing.
You feel better. The scorpion closely misses you.
You block the scorpion's attack. The ice beast closely misses you.
The ice beast hits you but does no damage.
Found 13 gold pieces.
Found an escape hatch in the floor.
The scorpion closely misses you.
There is a stone staircase leading up here.
The scorpion barely misses you.
You climb upwards.
There is a stone staircase leading down here.
You barely miss the scorpion. You bite the scorpion.
The scorpion is lightly wounded.
The scorpion stings you but does no damage.
The yak closely misses you.
You hit the scorpion.
The scorpion is heavily wounded.
The scorpion closely misses you. The yak gores you but does no damage.
The scorpion stings you but does no damage.
The yak gores you.
* * * LOW HITPOINT WARNING * * *
You closely miss the scorpion.
You bite the scorpion, but do no damage.
The scorpion is heavily wounded.
The scorpion stings you.
* * * LOW HITPOINT WARNING * * *
You are lethally poisoned!
The scorpion poisons you! The yak gores you.
* * * LOW HITPOINT WARNING * * *
The scorpion barely misses you.
You hit the scorpion.
The scorpion is heavily wounded.
You die...

...#.#.#
#.########
#.# .####.#.#
#.# #†# #.#
#.# ##.# ∆#.
#.# #..# #.#
#.## #.# #.#
#.# #.#
#.#########
#.#
#.s@Y.....#
#.#
#########.#
#.# #.# #.#
#.# ∆ #.# ##
#.#
...#####†####
.............


You could see a yak and a scorpion.

Vanquished Creatures
  A sky beast (D:4)
  A black bear (D:5)
  An ogre (D:5)
  A centaur (D:4)
  2 phantoms
  A water moccasin skeleton (D:4)
  A centaur skeleton (D:4)
  2 hounds (D:5)
  A bullfrog skeleton (D:5)
  5 adders
  An ufetubus (D:5)
  2 worms
  2 dart slugs (D:1)
  3 orcs (D:3)
  4 endoplasms
  2 giant cockroaches
  4 hobgoblins
  4 jackals (D:4)
  7 kobolds
  4 quokkas
  3 ball pythons
  6 bats
  5 frilled lizards
  9 goblins
  5 rats
77 creatures vanquished.

Vanquished Creatures (others)
  A demonic plant (D:1)
  A fungus (D:1)
  A withered plant (D:1)
3 creatures vanquished.

Grand Total: 80 creatures vanquished

Notes
Turn   | Place    | Note
-------+----------+-------------------------------------------
     0 | D:1      | snetch the Gnoll Wanderer began the quest for the Orb.
     0 | D:1      | snetch set off with the following items: a +0 mace, 3
                  | throwing nets, a +0 leather armour, a potion of
                  | lignification
     0 | D:1      | Reached XP level 1. HP: 20/20 MP: 1/1
   119 | D:1      | Reached XP level 2. HP: 22/26 MP: 2/2
   566 | D:1      | Found a faded altar of an unknown god.
   575 | D:1      | Prayed at the altar of an unknown god.
   575 | D:1      | Became a worshipper of Ignis, the Dying Flame
   996 | D:2      | Reached XP level 3. HP: 31/31 MP: 3/3
  1202 | D:2      | Reached skill level 1 in Invocations
  1453 | D:2      | Reached skill level 1 in Short Blades
  1453 | D:2      | Reached skill level 1 in Long Blades
  1453 | D:2      | Reached skill level 1 in Axes
  1453 | D:2      | Reached skill level 1 in Polearms
  1453 | D:2      | Reached skill level 1 in Staves
  1453 | D:2      | Reached skill level 1 in Slings
  1453 | D:2      | Reached skill level 1 in Bows
  1453 | D:2      | Reached skill level 1 in Crossbows
  1453 | D:2      | Reached skill level 1 in Stealth
  1453 | D:2      | Reached skill level 1 in Shields
  1453 | D:2      | Reached skill level 1 in Unarmed Combat
  1453 | D:2      | Reached skill level 1 in Spellcasting
  1754 | D:3      | Reached XP level 4. HP: 32/38 MP: 5/5
  2095 | D:4      | Reached skill level 1 in Conjurations
  2095 | D:4      | Reached skill level 1 in Hexes
  2095 | D:4      | Reached skill level 1 in Summonings
  2095 | D:4      | Reached skill level 1 in Necromancy
  2095 | D:4      | Reached skill level 1 in Translocations
  2095 | D:4      | Reached skill level 1 in Transmutations
  2095 | D:4      | Reached skill level 1 in Fire Magic
  2095 | D:4      | Reached skill level 1 in Ice Magic
  2095 | D:4      | Reached skill level 1 in Air Magic
  2095 | D:4      | Reached skill level 1 in Earth Magic
  2095 | D:4      | Reached skill level 1 in Poison Magic
  2231 | D:4      | Noticed a centaur
  2238 | D:4      | Reached XP level 5. HP: 42/43 MP: 6/6
  2240 | D:4      | Killed a centaur
  2300 | D:4      | Noticed a phantom
  2309 | D:4      | Killed a phantom
  2310 | D:4      | Reached XP level 6. HP: 42/50 MP: 8/8
  2455 | D:4      | Found Titut's Weapon Emporium.
  2473 | D:4      | Reached skill level 5 in Fighting
  2473 | D:4      | Reached skill level 5 in Armour
  2554 | D:4      | Noticed a sky beast
  2567 | D:4      | Killed a sky beast
  3108 | D:3      | Reached XP level 7. HP: 46/56 MP: 10/10
  3292 | D:5      | Entered Level 5 of the Dungeon
  3305 | D:5      | Reached skill level 7 in Dodging
  3353 | D:5      | Found Dopinuso's Jewellery Shop.
  3363 | D:5      | Learned a level 1 spell: Pain
  3436 | D:5      | Found a staircase to the Ecumenical Temple.
  3574 | D:5      | Noticed a yak
  3576 | D:5      | Noticed a yak
  3576 | D:5      | Noticed a yak
  3576 | D:5      | Noticed a yak
  3576 | D:5      | Noticed a yak
  3580 | D:5      | Noticed a yak
  3610 | D:4      | HP: 2/56 [yak (6)]
  3611 | D:4      | Succumbed to a scorpion's poison

Illustrated notes

Levels and vault maps discovered:
D:1:      beargit_arrival_greenhouse, layout_rooms, shapermc_ecumenical_altar_gd
D:2:      layout_loops_ring
D:3:      layout_loops_ring, grunt_ministairs_5, minmay_randomly_rotated_circles
D:4:      layout_loops_ring, serial_shops, nicolae_shop_bloodbath_and_beyond
D:5:      layout_cave_pools, minmay_temple_entry_ruins, enter_ossuary_4,
          serial_shops, nicolae_shop_stone, hangedman_abyss_or_decor_slice,
          uniq_menkaure

Skill      XL: |  1  2  3  4  5  6  7 |
---------------+----------------------+-----
Invocations    | 1 2 3 |  3.0
Short Blades   | 1 2 |  2.7
Long Blades    | 1 2 |  2.7
Axes           | 1 2 |  2.7
Polearms       | 1 2 |  2.7
Staves         | 1 2 |  2.7
Slings         | 1 2 |  2.7
Bows           | 1 2 |  2.7
Crossbows      | 1 2 |  2.7
Stealth        | 1 2 |  2.7
Shields        | 1 2 |  2.7
Unarmed Combat | 1 2 |  2.7
Spellcasting   | 1 2 |  2.7
Conjurations   | 1 2 |  2.2
Hexes          | 1 2 |  2.2
Summonings     | 1 2 |  2.2
Necromancy     | 1 2 |  2.2
Translocations | 1 2 |  2.2
Transmutations | 1 2 |  2.2
Fire Magic     | 1 2 |  2.2
Ice Magic      | 1 2 |  2.2
Air Magic      | 1 2 |  2.2
Earth Magic    | 1 2 |  2.2
Poison Magic   | 1 2 |  2.2
Maces & Flails | 3 |  3.8
Throwing       | 3 |  3.8
Evocations     | 3 |  3.8
Fighting       | 5 |  5.4
Armour         | 5 |  5.4
Dodging        | 7 |  7.1

Action                   |  1- 3 |  4- 6 |  7- 9 || total
-------------------------+-------+-------+-------++-------
Melee: Mace              |    60 |       |       ||    60
       Bite              |     5 |    11 |    15 ||    31
       Flail             |    38 |   114 |    90 ||   242
Throw: Stone             |    10 |    10 |     1 ||    21
 Cast: Pain              |       |       |     2 ||     2
  Use: Potion            |       |       |     1 ||     1
 Stab: Sleeping          |       |     1 |       ||     1
Armor: Leather armour    |    17 |       |       ||    17
       Ring mail         |    16 |    38 |       ||    54
       Scale mail        |       |    12 |    88 ||   100
Dodge: Dodged            |    64 |    97 |    92 ||   253
Block: Buckler           |    16 |    31 |    32 ||    79

Table legend: (Time is in decaauts)
 A = Elapsed time spent in this place.
 B = Non-inter-level travel time spent in this place.
 C = Inter-level travel time spent in this place.
 D = Time resting spent in this place.
 E = Time spent auto-exploring this place.
 F = Levels seen in this place.
 G = Mean time per level.
                   A        B        C        D        E       F      G
               +--------+--------+--------+--------+--------+-----+--------+
         Total |   3706 |   3549 |    157 |      0 |   2199 |   5 |  741.2 |
       Dungeon |   3706 |   3549 |    157 |      0 |   2199 |   5 |  741.2 |
               +--------+--------+--------+--------+--------+-----+--------+

Top non-repeatable levels by time:
     D:3: 973 daAuts
     D:1: 942 daAuts
     D:2: 758 daAuts
     D:4: 716 daAuts
     D:5: 315 daAuts
